Map: Orbital Shipyard

Players

JusticeSimon - Winner!

  • Race: Terran Terran
  • League: Master

WhyAlwaysMe

  • Race: Protoss Protoss

VOD

Have the link to the VOD?

Description

Time

  • Played on: March 12, 2016, 10:45 p.m.
  • Length: 11:46
Show
View Real Time Build Order
Export as new Build Order

JusticeSimon Terran - Winner!

Build Orders: Command Center First (CC), MMM Bio 

Get SALT Encoding   

  12  0:00  SCV  
  13  0:12  SCV  
  14  0:21  Supply Depot  
  14  0:24  SCV  
  15  0:43  SCV  
  16  0:55  SCV  
  17  1:00  Command Center  
  17  1:12  Barracks  
  17  1:14  SCV  
  18  1:21  Refinery  
  18  1:26  SCV  
  19  1:36  Barracks  
  19  1:38  SCV  
  20  1:52  Barracks  
  20  2:03  Marine  
  20  2:05  Orbital Command  
  21  2:16  Orbital Command  
  21  2:22  Barracks Tech Lab  
  21  2:30  Marine  
  22  2:39  SCV  
  22  2:41  Marine  
  22  2:43  Marine  
  25  2:47  Marine  
  25  2:51  SCV  
  27  2:59  Marine  
  27  3:03  Marine  
  29  3:07  Stimpack  
  29  3:12  Marine  
  28  3:17  Marine  
  30  3:20  Marine  
  30  3:23  SCV x2  
  32  3:30  Supply Depot  
  32  3:34  Refinery  
  32  3:35  Marine, SCV x2  
  32  3:38  Marine  
  35  3:47  SCV  
  35  3:53  Marine  
  36  3:56  Marine  
  36  3:58  Barracks Reactor  
  36  4:00  SCV x2  
  39  4:04  Command Center  
  39  4:12  Marine, SCV  
  39  4:14  Marine  
  42  4:17  SCV  
  43  4:24  SCV  
  43  4:29  Marine, SCV  
  46  4:37  Barracks Reactor  
  46  4:38  Marine  
  46  4:40  Factory  
  46  4:41  SCV  
  46  4:55  Marine, Supply Depot  
  46  4:56  Marine, Supply Depot, Marauder  
  46  4:58  SCV x2, Engineering Bay  
  52  5:07  Combat Shields  
  52  5:12  SCV x2  
  54  5:15  Marine x2  
  54  5:17  Marine  
  54  5:21  Marine x2, Supply Depot  
  57  5:26  SCV x2  
  57  5:27  Starport  
  60  5:29  Refinery  
  60  5:32  Refinery  
  60  5:33  Marine x2  
  60  5:35  Marauder  
  64  5:38  SCV x2  
  66  5:43  Orbital Command  
  66  5:46  Marine x2  
  68  5:50  SCV x2  
  69  6:02  Orbital Command, SCV  
  70  6:09  Starport Reactor  
  70  6:10  Marine x2  
  70  6:11  Marine x2, Marauder  
  75  6:17  SCV x2  
  78  6:20  Missile Turret  
  78  6:22  Missile Turret  
  78  6:23  Missile Turret  
  78  6:24  Terran Infantry Weapons Level 1  
  78  6:27  Marine  
  78  6:32  Marauder  
  81  6:41  Barracks  
  81  6:43  Barracks, SCV x3  
  84  6:59  Medivac x2  
  84  7:00  Marauder  
  90  7:02  Supply Depot x2  
  90  7:03  Supply Depot  
  82  7:27  Supply Depot  
  81  7:32  Marine, Medivac x2  
  81  7:33  Marauder  
  82  7:55  SCV x3, Marauder  
  87  8:07  SCV x3  
  90  8:17  Marauder  
  90  8:19  SCV  
  93  8:20  Barracks Tech Lab  
  93  8:21  Barracks Tech Lab  
  93  8:22  Marine x3  
  93  8:23  Marine  
  93  8:25  Medivac  
  93  8:26  Medivac  
  101  8:32  SCV x3  
  104  8:38  Marauder  
  104  9:00  Marauder  
  106  9:03  Concussive Shells  
  106  9:04  Marine  
  106  9:05  Marine x3, Marauder x2  
  114  9:11  Terran Infantry Armor Level 1  
  114  9:12  SCV x3  
  114  9:15  Armory  
  117  9:19  Supply Depot, Engineering Bay  
  117  9:21  Marauder  
  117  9:22  Marine, Supply Depot  
  120  9:24  SCV x2  
  120  9:25  SCV  
  120  9:26  Marauder  
  120  9:28  Command Center  
  125  9:33  Marine, Marauder  
  125  9:35  Marine  
  125  9:36  SCV  
  130  9:43  Marauder  
  132  9:47  Marauder  
  134  10:01  Marine x3, Marauder  
  134  10:02  Marine  
  134  10:04  Marauder  
  134  10:05  Medivac x2  
  146  10:09  Marauder  
  138  10:19  Marine x2  
  133  10:27  Marine x2, Marauder x2  
  136  10:30  Marauder  
  136  10:34  SCV x3  
  136  10:35  Medivac x2  
  141  10:37  Marine x2  
  147  10:46  SCV  
  130  11:20  Marine x4, Marauder x3  
Show
View Real Time Build Order
Export as new Build Order

WhyAlwaysMe Protoss 

Build Orders:  

Get SALT Encoding   

  12  0:01  Probe (Chrono Boost)  
  14  0:14  Probe (Chrono Boost)  
  14  0:19  Pylon  
  14  0:25  Probe (Chrono Boost)  
  15  0:37  Probe (Chrono Boost)  
  15  0:38  Gateway  
  16  0:47  Assimilator  
  16  0:48  Probe (Chrono Boost)  
  17  0:53  Assimilator  
  17  0:58  Probe (Chrono Boost)  
  18  1:09  Probe (Chrono Boost)  
  19  1:20  Probe (Chrono Boost), Pylon  
  20  1:25  Cybernetics Core  
  20  1:30  Probe (Chrono Boost)  
  21  1:44  Probe (Chrono Boost)  
  22  2:03  Mothership Core (Chrono Boost), Stalker (Chrono Boost)  
  26  2:14  Pylon  
  26  2:21  Gateway  
  26  2:24  Probe  
  22  2:30  Stalker (Chrono Boost)  
  29  2:37  Pylon  
  29  2:44  Pylon  
  29  2:45  Probe  
  29  2:51  Warp Gate (Chrono Boost)  
  30  2:59  Pylon  
  30  3:01  Stalker (Chrono Boost)  
  32  3:13  Stalker (Chrono Boost)  
  34  3:27  Stalker (Chrono Boost)  
  34  3:46  Stalker (Chrono Boost)  
  36  4:01  Mothership Core  
  33  4:24  Pylon  
  33  4:25  Nexus  
  33  4:28  Twilight Council  
  33  4:32  Pylon  
  33  4:42  Probe  
  34  4:56  Probe, Robotics Facility  
  34  4:57  Stalker x2  
  39  5:02  Pylon  
  39  5:08  Probe  
  39  5:12  Dark Shrine  
  40  5:20  Probe  
  41  5:32  Probe  
  42  5:38  Probe  
  43  5:43  Pylon  
  43  5:44  Probe, Warp Prism (Chrono Boost)  
  46  5:52  Probe  
  46  5:56  Probe  
  46  6:01  Assimilator  
  42  6:08  Assimilator  
  40  6:13  Probe, Gateway  
  40  6:14  Probe  
  40  6:16  Gateway  
  42  6:25  Dark Templar x2  
  46  6:31  Probe  
  46  6:33  Probe  
  46  6:37  Observer (Chrono Boost)  
  49  6:41  Blink  
  49  6:44  Probe  
  49  6:45  Probe  
  51  6:55  Pylon  
  51  6:58  Dark Templar  
  51  6:59  Probe  
  51  7:00  Probe  
  55  7:12  Adept  
  51  7:33  Probe  
  51  7:34  Probe  
  51  7:37  Stalker x2, Immortal (Chrono Boost)  
  61  7:45  Probe  
  61  7:47  Probe  
  61  7:49  Pylon  
  63  7:54  Adept x2  
  63  7:55  Probe  
  66  7:59  Probe  
  66  8:03  Nexus  
  67  8:08  Sentry x2  
  71  8:17  Immortal (Chrono Boost)  
  75  8:26  Gateway  
  75  8:28  Gateway  
  75  8:29  Pylon  
  75  8:34  Adept x3  
  75  8:37  Adept  
  81  8:57  Stalker x4  
  89  9:06  Templar Archives  
  89  9:08  Probe  
  89  9:09  Gateway  
  90  9:10  Probe  
  90  9:15  Probe  
  91  9:22  Probe  
  91  9:23  Warp Prism (Chrono Boost)  
  95  9:27  Sentry x2  
  95  9:28  Probe x2  
  101  9:32  Psionic Storm  
  101  9:34  Probe  
  102  9:40  Probe x2  
  102  9:41  Pylon  
  94  10:02  Dark Templar  
  94  10:03  Dark Templar  
  63  10:21  Dark Templar  
  62  10:31  Probe  
  62  10:33  Probe  
  64  10:42  Probe  
  64  10:43  Pylon  
  64  10:44  Zealot x2  
  64  10:45  Probe, Zealot x4  
  78  11:01  Sentry  
  62  11:15  Adept x2  
  62  11:16  Adept x4  
  60  11:29  Dark Templar  
  46  11:36  Dark Templar  
Tags
 
Add a new tag
Caveats
  • Supply blocks, unpowered buildings, or Contaminate may cause inaccurate times.
  • Supply counts are checked every 10 seconds.